 Dungeon Crawl Stone Soup version 0.31.0-11-ge490571c62 (webtiles) character file.

Game seed: 7861777398195763230

50 browni3141 the Trooper (level 3, 0/34 HPs)
             Began as a Minotaur Fighter on Jan 27, 2024.
             Succumbed to an adder's poison
             ... on level 2 of the Dungeon.
             The game lasted 00:00:26 (302 turns).

browni3141 the Trooper (Minotaur Fighter)            Turns: 302, Time: 00:00:26

Health: 0/34       AC:  6    Str: 22    XL:     3   Next: 55%
Magic:  2/2        EV:  9    Int:  5    God:
Gold:   52         SH:  4    Dex:  9    Spells: 2/2 levels left

rFire   . . .        a - +0 war axe
rCold   . . .        c - +0 buckler
rNeg    . . .        b - +0 scale mail
rPois   .            (helmet restricted)
rElec   .            (no cloak)
rCorr   .            (no gloves)
SInv    .            (no boots)
Will    .....        (no amulet) Stlth
                     (no ring)
HPRegen 0.25/turn    (no ring)
MPRegen 0.08/turn

%: no passive effects
@: mighty, lethally poisoned (0 -> -1)
A: horns 2, retaliatory headbutt
a: no special abilities


You were on level 2 of the Dungeon.
You visited 1 branch of the dungeon, and saw 2 of its levels.

You collected 52 gold pieces.

Inventory:

Hand Weapons
 a - a +0 war axe (weapon)
Armour
 b - a +0 scale mail (worn)
 c - a +0 buckler (worn)
Scrolls
 e - a scroll of immolation {unknown}
 f - 4 scrolls of identify {unknown}
 g - a scroll of noise {unknown}


   Skills:
 + Level 4.3 Fighting
 - Level 4.2 Axes
 - Level 3.6 Armour
 - Level 3.6 Shields


You had 2 spell levels left.
You didn't know any spells.
Your spell library contained the following spells:

 Spells                   Type           Power      Damage    Failure   Level
 Slow                     Hex            0%         N/A       86%         1
 Confusing Touch          Hex            0%         N/A       99%         3
 Sigil of Binding         Hex            0%         N/A       99%         3
 Vampiric Draining        Necr           0%         2d6       99%         3


Dungeon Overview and Level Annotations

Branches:
Dungeon (2/15)

Altars:


Innate Abilities, Weirdness & Mutations

You have a pair of horns on your head.
You reflexively headbutt those who attack you in melee.


Message History

The web tears apart.
You hit the ribbon worm. You headbutt the ribbon worm!
The ribbon worm is severely wounded.
You block the ribbon worm's attack.
You slash the ribbon worm!
You kill the ribbon worm!
No target in view!
No target in view!
You now have 37 gold pieces (gained 4).
You now have 52 gold pieces (gained 15).
A hobgoblin comes into view.
A hobgoblin is nearby!
A hobgoblin is nearby!
A hobgoblin is nearby!
The hobgoblin shouts!
A bat comes into view.
You hit the hobgoblin.
The hobgoblin is heavily wounded.
The hobgoblin hits you. The bat hits you but does no damage.
You hit the hobgoblin but do no damage.
The hobgoblin is moderately wounded.
You barely miss the bat. The bat hits you but does no damage.
The hobgoblin closely misses you.
You closely miss the hobgoblin.
The hobgoblin is moderately wounded.
The bat hits you but does no damage. The hobgoblin closely misses you.
You furiously retaliate!
You headbutt the hobgoblin!
You kill the hobgoblin!
The bat barely misses you. The bat hits you.
A ball python comes into view.
There are monsters nearby!
There are monsters nearby!
There are monsters nearby!
You barely miss the bat.
The ball python hisses angrily.
The bat hits you. The bat closely misses you.
You slash the bat!
You kill the bat!
Your Fighting skill increases to level 4!
No target in view!
No target in view!
No target in view!
The ball python bites you but does no damage.
The ball python barely misses you.
You closely miss the ball python. You headbutt the ball python.
You kill the ball python!
No target in view!
No target in view!
HP restored.
g - a scroll labelled ONOGHI TURPHOMY You pick up a book of Debilitation and begin reading...
You add the spells Slow, Sigil of Binding, Vampiric Draining and Confusing Touch to your library.
Terence the Incautious comes into view.
He is wielding a +0 flail.
Terence shouts!
Terence moves out of view.
An adder comes into view.
The adder hisses angrily.
You block Terence's attack.
You see here a scroll labelled VIETUI VOEPLAOSK.
You hit Terence.
Terence is lightly wounded.
Terence hits you with a +0 flail.
A dart slug comes into view.
You slash Terence!
Terence is heavily wounded.
Terence hits you with a +0 flail. Terence hits you with a +0 flail!
You closely miss Terence. You headbutt Terence.
Terence is heavily wounded.
Terence closely misses you.
You barely miss Terence. You headbutt Terence, but do no damage.
Terence is heavily wounded.
Terence hits you with a +0 flail.
You hit Terence but do no damage. Your headbutt misses Terence.
Terence is heavily wounded.
Terence completely misses you.
You slash Terence!
You kill Terence!
The adder bites you but does no damage.
Your Axes skill increases to level 4!
You have reached level 3!
Your experience leads to an increase in your attributes!
Increase (S)trength, (I)ntelligence, or (D)exterity?
You feel stronger. x2
You closely miss the adder. The adder bites you.
You are lethally poisoned!
The adder poisons you!
You barely miss the adder. Your headbutt misses the adder.
You feel sick. The adder bites you but does no damage.
You block the adder's attack.
You are too injured to fight recklessly!
You are too injured to fight recklessly!
You are too injured to fight recklessly!
You feel very mighty all of a sudden.
You feel sick. The adder bites you but does no damage.
You slash the adder!
You kill the adder!
You feel sick.
You slash the dart slug!
You kill the dart slug!
You die...

### ######### ....
#....... ....#
#......#######.##.####.
#........ .....#.......
##......# #... .......
........####.####)......
####..#.........@#
#..#............#
#.........###.###
##.#.####..# #.#
##.###.###..# #.# #.##
#.##..# #.#
##.###.###.## #.#
##.#.####.# #..
#........


There were no monsters in sight!

Vanquished Creatures
  Terence (D:2)
  An adder (D:2)
  A dart slug (D:2)
  A ribbon worm (D:2)
  An endoplasm (D:2)
  A giant cockroach (D:1)
  2 hobgoblins (D:2)
  3 jackals (D:1)
  A ball python (D:2)
  2 bats (D:2)
  A frilled lizard (D:2)
15 creatures vanquished.

Notes
Turn   | Place    | Note
-------+----------+-------------------------------------------
     0 | D:1      | browni3141 the Minotaur Fighter began the quest for the
                  | Orb.
     0 | D:1      | Reached XP level 1. HP: 19/19 MP: 0/0
   147 | D:2      | Reached XP level 2. HP: 27/27 MP: 1/1
   289 | D:2      | Noticed Terence
   297 | D:2      | Killed Terence
   298 | D:2      | Reached XP level 3. HP: 4/33 MP: 2/2
   300 | D:2      | HP: 1/33 [poisoned by an adder]
   302 | D:2      | Succumbed to an adder's poison

Illustrated notes

Levels and vault maps discovered:
D:1:      dpeg_arrival_prison, layout_loops_ring
D:2:      layout_loops_ring, basic_altar, uniq_terence

Skill      XL: |  1  2 |
---------------+-------+-----
Axes           | 3 4 |  4.2
Fighting       | 4 |  4.3
Armour         | |  3.6
Shields        | |  3.6

Action                     || total
---------------------------++-------
  Melee: War axe           ||    36
         Headbutt          ||     6
    Use: Potion            ||     1
 Armour: Scale mail        ||    27
  Dodge: Dodged            ||    19
  Block: Buckler           ||     7
